TOP OF THE 1ST |
Cleveland Spiders batting - Pitching for Chicago White Sox : LHP Douglas Nelson
|
Pitching: LHP Douglas Nelson
|
|
Batting: SHB Bump Wills
|
0-0: Ball 1-0: Called Strike 1-1: Called Strike 1-2: Strikes out swinging, 2-3 out at first.
|
Batting: RHB Kevin Bell
|
0-0: Foul Ball, location: 2F 0-1: DOUBLE (Flyball, 89XD, EV 111.9 MPH)
|
Batting: RHB Clayton Elliott
|
0-0: Ground out 5-3 (Groundball, 56, EV 88.8 MPH)
|
Batting: RHB Alan Trammell
|
0-0: Ball 1-0: Called Strike 1-1: Swinging Strike 1-2: Ball 2-2: Strikes out swinging
|
Top of the 1st over - 0 runs, 1 hit, 0 errors, 1 left on base; Cleveland 0 - Chicago 0 |
BOTTOM OF THE 1ST |
Chicago White Sox batting - Pitching for Cleveland Spiders : RHP Vinny Mendoza
|
Pitching: RHP Vinny Mendoza
|
|
Batting: SHB Ozzie Smith
|
0-0: SINGLE (Flyball, 3D, EV 96.3 MPH)
|
Batting: LHB Rudy Law
|
0-0: Called Strike Ozzie Smith steals 2nd base 0-1: Ball 1-1: Ball 2-1: Ball 3-1: Ground out 1-3 (Groundball, 34S, EV 72.5 MPH) Ozzie Smith to third
|
Batting: RHB Steve Henderson
|
0-0: Ball 1-0: Ball 2-0: Called Strike 2-1: Foul Ball, location: 2F 2-2: Fly out, F9 (Flyball, 9LS, EV 88.8 MPH)
|
Batting: LHB Mitchell Page
|
0-0: Ball 1-0: Called Strike 1-1: Swinging Strike 1-2: Strikes out swinging
|
Bottom of the 1st over - 0 runs, 1 hit, 0 errors, 1 left on base; Cleveland 0 - Chicago 0 |
TOP OF THE 2ND |
Cleveland Spiders batting - Pitching for Chicago White Sox : LHP Douglas Nelson
|
Batting: SHB Salvador Perez
|
0-0: Called Strike 0-1: SINGLE (Line Drive, 6D, EV 110.6 MPH)
|
Batting: RHB Randy Elliott
|
0-0: Ball 1-0: Called Strike 1-1: Ball 2-1: Foul Ball, location: 2F 2-2: Foul Ball, location: 2F 2-2: Foul Ball, location: 2F 2-2: Grounds into double play, 4-6-3 (Groundball, 4, EV 93.1 MPH)
|
Batting: RHB Jesse Barfield
|
0-0: SINGLE (Flyball, 8LS, EV 88.8 MPH)
|
Batting: RHB Tom Dodd
|
0-0: Ball 1-0: Called Strike 1-1: Foul Ball, location: 2F 1-2: Foul Ball, location: 2F 1-2: Strikes out looking
|
Top of the 2nd over - 0 runs, 2 hits, 0 errors, 1 left on base; Cleveland 0 - Chicago 0 |
BOTTOM OF THE 2ND |
Chicago White Sox batting - Pitching for Cleveland Spiders : RHP Vinny Mendoza
|
Batting: SHB Dwayne Taggart
|
0-0: Swinging Strike 0-1: Foul Ball, location: 2F 0-2: Foul Ball, location: 2F 0-2: Ball 1-2: Ball 2-2: Fly out, F4 (Popup, 4, EV 73.8 MPH)
|
Batting: RHB Tim Teufel
|
0-0: Swinging Strike 0-1: Swinging Strike 0-2: Strikes out swinging
|
Batting: LHB Ryan MacFarland
|
0-0: Ball 1-0: Fly out, F5 (Popup, 5, EV 61.9 MPH)
|
Bottom of the 2nd over - 0 runs, 0 hits, 0 errors, 0 left on base; Cleveland 0 - Chicago 0 |
TOP OF THE 3RD |
Cleveland Spiders batting - Pitching for Chicago White Sox : LHP Douglas Nelson
|
Batting: RHB Jordan Ventura
|
0-0: TRIPLE (Groundball, 3L, EV 94.4 MPH)
|
Batting: SHB Bump Wills
|
0-0: Ball 1-0: Ball 2-0: SINGLE (Groundball, 56D, EV 98.8 MPH) Jordan Ventura scores
|
Batting: RHB Kevin Bell
|
0-0: Swinging Strike 0-1: Ball 1-1: Foul Ball, location: 2F 1-2: Strikes out looking
|
Batting: RHB Clayton Elliott
|
0-0: Ball 1-0: Ball 2-0: Swinging Strike 2-1: Ball 3-1: Foul Ball, location: 2F 3-2: Strikes out swinging Bump Wills steals 2nd, throwing error, E2 Bump Wills to third
|
Batting: RHB Alan Trammell
|
0-0: Ball 1-0: Foul Ball, location: 2F 1-1: Ball 2-1: Foul Ball, location: 2F 2-2: Foul Ball, location: 2F 2-2: Fly out, F8 (Flyball, 8LS, EV 80.6 MPH)
|
Top of the 3rd over - 1 run, 2 hits, 1 error, 1 left on base; Cleveland 1 - Chicago 0 |
BOTTOM OF THE 3RD |
Chicago White Sox batting - Pitching for Cleveland Spiders : RHP Vinny Mendoza
|
Batting: SHB Wayne Tolleson
|
0-0: Called Strike 0-1: SINGLE (Flyball, 34D, EV 88.8 MPH)
|
Batting: LHB Steve Christmas
|
0-0: Ground out 5-3 (Groundball, 25, EV 71.3 MPH) Wayne Tolleson to second
|
Batting: SHB Ozzie Smith
|
0-0: Ball 1-0: Foul Ball, location: 2F 1-1: Called Strike 1-2: Ball 2-2: Ball 3-2: Fly out, F4 (Popup, 4M, EV 61.3 MPH)
|
Batting: LHB Rudy Law
|
0-0: Fly out, F5 (Popup, 5, EV 74.4 MPH)
|
Bottom of the 3rd over - 0 runs, 1 hit, 0 errors, 1 left on base; Cleveland 1 - Chicago 0 |
TOP OF THE 4TH |
Cleveland Spiders batting - Pitching for Chicago White Sox : LHP Douglas Nelson
|
Batting: SHB Salvador Perez
|
0-0: Fly out, F8 (Line Drive, 8RD, EV 92.5 MPH)
|
Batting: RHB Randy Elliott
|
0-0: Called Strike 0-1: Ball 1-1: Foul Ball, location: 2F 1-2: Foul Ball, location: 2F 1-2: Ball 2-2: Foul Ball, location: 2F 2-2: Ball 3-2: Fly out, F9 (Flyball, 9LM, EV 81.3 MPH)
|
Batting: RHB Jesse Barfield
|
0-0: Ball 1-0: Foul Ball, location: 2F 1-1: Foul Ball, location: 2F 1-2: Fly out, F7 (Line Drive, 7D, EV 90.0 MPH)
|
Top of the 4th over - 0 runs, 0 hits, 0 errors, 0 left on base; Cleveland 1 - Chicago 0 |
BOTTOM OF THE 4TH |
Chicago White Sox batting - Pitching for Cleveland Spiders : RHP Vinny Mendoza
|
Batting: RHB Steve Henderson
|
0-0: Ball 1-0: Fly out, F3 (Popup, 3F, EV 63.1 MPH)
|
Batting: LHB Mitchell Page
|
0-0: Ball 1-0: Ball 2-0: Foul Ball, location: 2F 2-1: Fly out, F9 (Flyball, 89XD, EV 107.5 MPH)
|
Batting: SHB Dwayne Taggart
|
0-0: Called Strike 0-1: Foul Ball, location: 2F 0-2: Ball 1-2: Strikes out looking
|
Bottom of the 4th over - 0 runs, 0 hits, 0 errors, 0 left on base; Cleveland 1 - Chicago 0 |
TOP OF THE 5TH |
Cleveland Spiders batting - Pitching for Chicago White Sox : LHP Douglas Nelson
|
Batting: RHB Tom Dodd
|
0-0: Called Strike 0-1: Ball 1-1: Called Strike 1-2: Ball 2-2: SINGLE (Groundball, 4D, EV 102.5 MPH)
|
Batting: RHB Jordan Ventura
|
0-0: Sac Bunt to P - play at first, batter OUT! 1-3 Tom Dodd to second
|
Batting: SHB Bump Wills
|
0-0: Ball 1-0: Called Strike 1-1: SINGLE (Groundball, 6MD, EV 104.4 MPH) Tom Dodd to third Runner from 3rd tries for Home, SAFE, throw by CF to home
|
Batting: RHB Kevin Bell
|
0-0: Foul Ball, location: 2F 0-1: SINGLE (Line Drive, 9S, EV 106.9 MPH) Bump Wills to second
|
Batting: RHB Clayton Elliott
|
0-0: Ball 1-0: Fly out, F8 (Flyball, 8LD, EV 88.1 MPH)
|
Batting: RHB Alan Trammell
|
0-0: DOUBLE (Flyball, 78D, EV 96.3 MPH) Bump Wills scores Kevin Bell to third Runner from 3rd tries for Home, SAFE, throw by LF to home
|
Batting: SHB Salvador Perez
|
0-0: Called Strike 0-1: Ball 1-1: Ball 2-1: Foul Ball, location: 2F 2-2: Ball 3-2: Foul Ball, location: 2F 3-2: Fly out, F7 (Flyball, 78M, EV 87.5 MPH)
|
Top of the 5th over - 3 runs, 4 hits, 0 errors, 1 left on base; Cleveland 4 - Chicago 0 |
BOTTOM OF THE 5TH |
Chicago White Sox batting - Pitching for Cleveland Spiders : RHP Vinny Mendoza
|
Batting: RHB Tim Teufel
|
0-0: Swinging Strike
|
|
|
|
0-1: Called Strike 0-2: Strikes out looking
|
Batting: LHB Ryan MacFarland
|
0-0: Ball 1-0: Called Strike 1-1: Foul Ball, location: 2F 1-2: Fly out, F7 (Flyball, 78D, EV 75.0 MPH)
|
Batting: SHB Wayne Tolleson
|
0-0: Ball 1-0: Called Strike 1-1: Ball 2-1: SOLO HOME RUN (Flyball, 89XD, EV 103.1 MPH), Distance : 406 ft
|
Batting: LHB Steve Christmas
|
0-0: SINGLE (Groundball, 5S, EV 61.3 MPH) (infield hit)
|
Batting: SHB Ozzie Smith
|
0-0: Called Strike 0-1: Ground out 4-3 (Groundball, 4, EV 110.0 MPH)
|
Bottom of the 5th over - 1 run, 2 hits, 0 errors, 1 left on base; Cleveland 4 - Chicago 1 |
TOP OF THE 6TH |
Cleveland Spiders batting - Pitching for Chicago White Sox : LHP Douglas Nelson
|
Pitching: RHP Win Remmerswaal
|
|
Batting: RHB Randy Elliott
|
0-0: Swinging Strike 0-1: Called Strike 0-2: Foul Ball, location: 2F 0-2: Strikes out swinging
|
Batting: RHB Jesse Barfield
|
0-0: Swinging Strike 0-1: Fly out, F8 (Flyball, 89XD, EV 91.3 MPH)
|
Batting: RHB Tom Dodd
|
0-0: SINGLE (Groundball, 56D, EV 103.1 MPH)
|
Batting: RHB Jordan Ventura
|
0-0: Called Strike 0-1: SINGLE (Line Drive, 5L, EV 93.8 MPH) Tom Dodd to second
|
Batting: SHB Bump Wills
|
0-0: Ground out 5-3 (Groundball, 56, EV 84.4 MPH)
|
Top of the 6th over - 0 runs, 2 hits, 0 errors, 2 left on base; Cleveland 4 - Chicago 1 |
BOTTOM OF THE 6TH |
Chicago White Sox batting - Pitching for Cleveland Spiders : RHP Vinny Mendoza
|
Pitching: RHP Bill Laskey
|
|
Batting: LHB Rudy Law
|
0-0: Called Strike 0-1: Ground out U3 (Groundball, 34, EV 87.5 MPH)
|
Batting: RHB Steve Henderson
|
0-0: Ball 1-0: Foul Ball, location: 2F 1-1: Ball 2-1: Foul Ball, location: 2F 2-2: Ball 3-2: Foul Ball, location: 2F 3-2: Base on Balls
|
Batting: LHB Mitchell Page
|
0-0: Ball 1-0: Ball 2-0: Ball 3-0: Called Strike 3-1: Fly out, F9 (Flyball, 89XD, EV 95.0 MPH)
|
Batting: SHB Dwayne Taggart
|
0-0: Called Strike 0-1: Fly out, F3 (Popup, 3S, EV 73.8 MPH)
|
Bottom of the 6th over - 0 runs, 0 hits, 0 errors, 1 left on base; Cleveland 4 - Chicago 1 |
TOP OF THE 7TH |
Cleveland Spiders batting - Pitching for Chicago White Sox : RHP Win Remmerswaal
|
Batting: RHB Kevin Bell
|
0-0: Called Strike 0-1: Called Strike 0-2: Foul Ball, location: 2F 0-2: Fly out, F9 (Flyball, 9S, EV 77.5 MPH)
|
Batting: RHB Clayton Elliott
|
0-0: Foul Ball, location: 2F 0-1: Ball 1-1: Foul Ball, location: 2F 1-2: Ball 2-2: Foul Ball, location: 2F 2-2: Ground out 5-3 (Groundball, 56, EV 89.4 MPH)
|
Batting: RHB Alan Trammell
|
0-0: Foul Ball, location: 2F 0-1: Ball 1-1: Hit by Pitch
|
Batting: SHB Salvador Perez
|
0-0: Ball 1-0: Reached on error, E6 (Groundball, 6MS, EV 82.5 MPH) Alan Trammell to third
|
Pitching: RHP Dave A Campbell
|
|
Batting: RHB Randy Elliott
|
0-0: Called Strike 0-1: Fly out, F9 (Flyball, 9S, EV 85.6 MPH)
|
Top of the 7th over - 0 runs, 0 hits, 1 error, 2 left on base; Cleveland 4 - Chicago 1 |
BOTTOM OF THE 7TH |
Chicago White Sox batting - Pitching for Cleveland Spiders : RHP Bill Laskey
|
Batting: RHB Tim Teufel
|
0-0: Ball 1-0: Foul Ball, location: 2F 1-1: Foul Ball, location: 2F 1-2: Foul Ball, location: 2F 1-2: Ball 2-2: Ball 3-2: Strikes out swinging, 2-3 out at first.
|
Batting: LHB Ryan MacFarland
|
0-0: Ball 1-0: Foul Ball, location: 2F 1-1: Fly out, F8 (Flyball, 8RXD, EV 88.8 MPH)
|
Batting: SHB Wayne Tolleson
|
0-0: Fly out, F8 (Flyball, 89S, EV 92.5 MPH)
|
Bottom of the 7th over - 0 runs, 0 hits, 0 errors, 0 left on base; Cleveland 4 - Chicago 1 |
TOP OF THE 8TH |
Cleveland Spiders batting - Pitching for Chicago White Sox : RHP Dave A Campbell
|
Batting: RHB Jesse Barfield
|
0-0: Ball 1-0: Called Strike 1-1: Ball 2-1: Fly out, F9 (Flyball, 89M, EV 91.9 MPH)
|
Batting: RHB Tom Dodd
|
0-0: Ball 1-0: Ball 2-0: Called Strike 2-1: Ground out U3 (Groundball, 3, EV 101.9 MPH)
|
Batting: RHB Jordan Ventura
|
0-0: Ground out 6-3 (Groundball, 6, EV 80.6 MPH)
|
Top of the 8th over - 0 runs, 0 hits, 0 errors, 0 left on base; Cleveland 4 - Chicago 1 |
BOTTOM OF THE 8TH |
Chicago White Sox batting - Pitching for Cleveland Spiders : RHP Bill Laskey
|
Batting: LHB Steve Christmas
|
0-0: Called Strike 0-1: Ball 1-1: Foul Ball, location: 2F 1-2: Ground out 4-3 (Groundball, 4M, EV 85.0 MPH)
|
Batting: SHB Ozzie Smith
|
0-0: Swinging Strike 0-1: Fly out, F7 (Flyball, 78D, EV 98.8 MPH)
|
Batting: LHB Rudy Law
|
0-0: Called Strike 0-1: Ball 1-1: Swinging Strike 1-2: Ball 2-2: Fly out, F9 (Flyball, 9LD, EV 89.4 MPH)
|
Bottom of the 8th over - 0 runs, 0 hits, 0 errors, 0 left on base; Cleveland 4 - Chicago 1 |
TOP OF THE 9TH |
Cleveland Spiders batting - Pitching for Chicago White Sox : RHP Dave A Campbell
|
Batting: SHB Bump Wills
|
0-0: Foul Ball, location: 2F 0-1: Foul Ball, location: 2F 0-2: Strikes out swinging
|
Batting: RHB Kevin Bell
|
0-0: Called Strike 0-1: DOUBLE (Flyball, 8RXD, EV 96.9 MPH)
|
Batting: RHB Clayton Elliott
|
0-0: Ball 1-0: Called Strike 1-1: 2-RUN HOME RUN (Flyball, 89XD, EV 98.8 MPH), Distance : 424 ft
|
Batting: RHB Alan Trammell
|
0-0: Ball 1-0: Called Strike 1-1: Ground out 1-3 (Groundball, 15S, EV 63.8 MPH)
|
Batting: SHB Salvador Perez
|
0-0: Ball 1-0: Ball 2-0: Ball 3-0: Called Strike 3-1: Base on Balls
|
Batting: RHB Randy Elliott
|
0-0: Called Strike 0-1: Ball 1-1: Ball Salvador Perez steals 2nd base 2-1: Called Strike 2-2: Reached on error, E6 (Groundball, 6, EV 100.0 MPH) Salvador Perez to third
|
Batting: RHB Jesse Barfield
|
0-0: Ball 1-0: Swinging Strike 1-1: Called Strike 1-2: Foul Ball, location: 2F 1-2: Foul Ball, location: 2F 1-2: Ball 2-2: SINGLE (Line Drive, 6D, EV 95.0 MPH) Salvador Perez scores Randy Elliott to second Runner from 2nd tries for 3rd, SAFE, no throw by CF
|
Batting: RHB Tom Dodd
|
0-0: Ball 1-0: Called Strike 1-1: Foul Ball, location: 2F 1-2: Strikes out swinging
|
Top of the 9th over - 3 runs, 3 hits, 1 error, 2 left on base; Cleveland 7 - Chicago 1 |
BOTTOM OF THE 9TH |
Chicago White Sox batting - Pitching for Cleveland Spiders : RHP Bill Laskey
|
Batting: RHB Steve Henderson
|
0-0: Ball 1-0: Ball 2-0: Called Strike 2-1: Ground out 6-3 (Groundball, 6, EV 109.4 MPH)
|
Batting: LHB Mitchell Page
|
0-0: Foul Ball, location: 2F 0-1: Ball 1-1: Ball 2-1: Ball 3-1: Called Strike 3-2: SINGLE (Line Drive, 8RS, EV 108.1 MPH)
|
Batting: SHB Dwayne Taggart
|
0-0: Called Strike 0-1: Ball 1-1: Ball 2-1: Ball 3-1: SINGLE (Flyball, 5D, EV 94.4 MPH) Mitchell Page to second
|
Batting: RHB Tim Teufel
|
0-0: Swinging Strike 0-1: Ball 1-1: Ball 2-1: Swinging Strike 2-2: Ball 3-2: Strikes out swinging Mitchell Page steals 3rd base Batter strikes out. Dwayne Taggart to second
|
Batting: LHB Ryan MacFarland
|
0-0: Ground out 4-3 (Groundball, 34, EV 89.4 MPH)
|
Bottom of the 9th over - 0 runs, 2 hits, 0 errors, 2 left on base; Cleveland 7 - Chicago 1 |
 |
Monday, August 3rd, 2020 - OOTP Baseball 21.5 Build 76
|
|